AoeStats
← tarepo

Arena

508431685Analyzed
4v4 RM · 8d ago on Sep 22, 2026· 85m 31s· 8 players
Game mode
Random Map
Map size
Large (8 player)
Population
200
Speed
Normal
Resources
Standard
Victory
Conquest
Starting age
Dark Age
Ending age
Imperial Age
RankedLock teamsTeams togetherTeam positionsShared explorationLock speedFull tech treeHidden civsTurbo modeCheats
Victory
Defeat
🇰🇭 Wei · Cambodia
880
+10
🇦🇷 Hindustanis · Argentina
866
+10
🇩🇪 Japanese · Germany
685
+17
🇨🇭 Spanish · Switzerland
629
+20
🇦🇺 Huns · Australia
744
-15
🇨🇳 Portuguese · China
720
-14
🇨🇳 Chinese · China
715
-14
🇨🇳 Celts · China
712
-14
raging tom
1:40 Loom
11:57 Feudal Age
14:30 Double-Bit Axe
15:23 Wheelbarrow
18:30 Castle Age
16:40 Stone Mining
16:49 Gold Mining
17:31 Horse Collar
20:08 Hand Cart
20:32 Bow Saw
20:25 Heavy Plow
21:18 Town Watch
27:36 Gold Shaft Mining
31:52 Imperial Age
29:25 Town Patrol
30:16 Scale Barding Armor
30:25 Forging
31:23 Husbandry
31:34 Bloodlines
31:34 Marauders
33:15 Atheism
33:17 Conscription
33:01 Light Cavalry
33:03 Cavalier
34:37 Paladin
36:08 Caravan
36:54 Chain Barding Armor
37:11 Iron Casting
37:31 Elite Tarkan
39:04 Plate Barding Armor
39:30 Blast Furnace
39:21 Ballistics
38:58 Murder Holes
40:04 Chemistry
68:45 Coinage
70:48 Man-at-Arms
David
0:53 Loom
14:06 Feudal Age
16:31 Double-Bit Axe
18:43 Wheelbarrow
22:46 Castle Age
20:48 Arson
21:20 Stone Mining
21:26 Gold Mining
22:34 Scale Mail Armor
23:08 Padded Archer Armor
23:20 Forging
24:30 Chain Mail Armor
24:31 Leather Archer Armor
24:48 Bow Saw
29:00 Gold Shaft Mining
28:08 Crossbowman
28:34 Pikeman
29:15 Squires
29:34 Leather Archer Armor
29:09 Fletching
29:56 Iron Casting
30:30 Horse Collar
31:30 Stone Shaft Mining
31:28 Bodkin Arrow
34:16 Hand Cart
34:25 Heavy Plow
38:04 Imperial Age
35:23 Town Watch
35:52 Masonry
36:04 Ballistics
35:34 Heated Shot
39:48 Ring Archer Armor
39:20 Bracer
40:21 Blast Furnace
39:51 Plate Mail Armor
40:43 Two-Man Saw
40:52 Chemistry
40:23 Architecture
39:49 Murder Holes
40:05 Fortified Wall
39:41 Arrowslits
40:27 Thumb Ring
39:42 Arbalester
41:27 Conscription
41:08 Great Wall
41:30 Rocketry
40:45 Halberdier
42:23 Elite Skirmisher
43:29 Elite Chu Ko Nu
49:17 Elite Fire Lancer
53:37 Town Patrol
68:38 Bombard Tower
gl
13:55 Feudal Age
19:46 Castle Age
22:54 Loom
26:55 Imperial Age
24:50 Double-Bit Axe
29:25 Gold Mining
29:41 Murder Holes
29:29 Treadmill Crane
31:33 Chemistry
30:56 Ballistics
30:49 Stone Mining
33:12 Stone Shaft Mining
33:03 Bow Saw
32:35 Horse Collar
33:55 Pikeman
34:24 Arson
34:58 Fletching
35:09 Scale Mail Armor
35:12 Padded Archer Armor
39:17 Halberdier
40:46 Fortified Wall
42:45 Bombard Tower
42:47 Ballistics
42:26 Bodkin Arrow
42:47 Leather Archer Armor
42:48 Chain Mail Armor
42:43 Forging
44:34 Wheelbarrow
43:45 Town Watch
45:15 Two-Man Saw
47:07 Elite Skirmisher
48:44 Hand Cart
48:30 Town Patrol
48:33 Bracer
49:03 Ring Archer Armor
49:04 Plate Mail Armor
49:09 Iron Casting
48:48 Masonry
60:06 Blast Furnace
59:42 Architecture
59:17 Siege Engineers
59:23 Heavy Plow
61:29 Arquebus
78:55 Elite Organ Gun
sundaye-peking
11:20 Feudal Age
12:09 Double-Bit Axe
14:52 Loom
19:51 Castle Age
18:00 Horse Collar
20:14 Pikeman
20:40 Gambesons
22:06 Heavy Plow
23:11 Bow Saw
23:23 Gold Mining
23:24 Stone Mining
34:17 Imperial Age
32:07 Scale Mail Armor
34:02 Stone Shaft Mining
34:03 Gold Shaft Mining
34:29 Fortified Wall
36:20 Forging
38:51 Capped Ram
40:27 Gambesons
43:42 Siege Engineers
43:25 Arrowslits
43:07 Halberdier
45:21 Chain Mail Armor
46:24 Plate Mail Armor
49:16 Iron Casting
51:38 Heavy Scorpion
52:58 Guard Tower
61:41 Blast Furnace
tarepo
11:03 Feudal Age
16:24 Castle Age
14:37 Double-Bit Axe
15:20 Horse Collar
16:48 Gold Mining
18:20 Bow Saw
21:09 Wheelbarrow
23:28 Stone Mining
25:04 Scale Mail Armor
25:14 Forging
26:05 Caravan
26:42 Heavy Plow
27:37 Stone Shaft Mining
27:44 Pikeman
28:25 Squires
28:51 Gambesons
28:27 Man-at-Arms
31:43 Iron Casting
31:23 Chain Mail Armor
31:39 Long Swordsman
35:31 Hand Cart
35:04 Loom
35:07 Town Watch
37:24 Scale Barding Armor
36:51 Light Cavalry
37:42 Bloodlines
37:33 Husbandry
38:31 Chain Barding Armor
40:55 Imperial Age
44:33 Plate Barding Armor
44:29 Plate Mail Armor
45:00 Blast Furnace
44:04 Padded Archer Armor
44:28 Conscription
43:29 Elite Conquistador
46:02 Halberdier
46:40 Fletching
48:25 Hussar
49:19 Guard Tower
49:41 Masonry
49:26 Murder Holes
50:32 Chemistry
49:53 Ballistics
50:52 Keep
50:28 Fortified Wall
49:59 Two-Handed Swordsman
52:16 Capped Ram
53:39 Architecture
52:55 Arrowslits
54:42 Cavalier
57:14 Siege Ram
71:25 Two-Man Saw
75:04 Champion
80:40 Bombard Tower
matthiaskaeck
0:40 Loom
12:30 Feudal Age
12:57 Double-Bit Axe
12:54 Horse Collar
13:53 Wheelbarrow
13:18 Gold Mining
21:06 Castle Age
23:39 Stone Mining
24:24 Gold Shaft Mining
24:15 Bow Saw
24:32 Heavy Plow
27:28 Caravan
31:32 Imperial Age
32:12 Forging
32:03 Scale Mail Armor
32:12 Scale Barding Armor
32:08 Padded Archer Armor
31:58 Fletching
33:30 Kataparuto
33:39 Conscription
35:14 Pikeman
35:54 Squires
36:46 Fortified Wall
36:56 Ballistics
37:36 Chemistry
37:35 Hand Cart
37:06 Town Watch
37:21 Elite Samurai
39:34 Chemistry
38:49 Crossbowman
39:35 Thumb Ring
40:54 Arbalester
42:38 Halberdier
48:58 Iron Casting
48:39 Chain Mail Armor
48:44 Chain Barding Armor
48:39 Leather Archer Armor
48:20 Bodkin Arrow
Dank
1:15 Loom
10:25 Feudal Age
15:40 Castle Age
14:57 Double-Bit Axe
17:46 Bow Saw
24:50 Fletching
29:05 Imperial Age
26:57 Scale Mail Armor
27:34 Gold Mining
27:36 Stone Mining
28:01 Forging
29:10 Padded Archer Armor
29:55 Iron Casting
31:07 Chemistry
30:52 Chain Mail Armor
31:37 Blast Furnace
32:29 Elite Ghulam
37:23 Blast Furnace
39:41 Gold Shaft Mining
39:44 Pikeman
40:59 Squires
40:44 Arson
44:31 Masonry
45:02 Town Watch
46:02 Town Patrol
46:16 Murder Holes
53:05 Fortified Wall
53:42 Wheelbarrow
64:19 Siege Elephant
66:30 Hand Cart
84:04 Light Cavalry
84:54 Bloodlines
84:45 Husbandry
85:11 Redemption
ken091617
9:50 Loom
11:56 Feudal Age
12:48 Double-Bit Axe
15:55 Castle Age
15:02 Horse Collar
18:24 Bow Saw
20:17 Heavy Plow
22:17 Wheelbarrow
23:20 Hand Cart
23:07 Stone Mining
23:56 Gold Mining
27:56 Gold Shaft Mining
30:24 Imperial Age
28:10 Forging
28:08 Scale Barding Armor
28:17 Treadmill Crane
28:59 Ballistics
30:20 Iron Casting
30:06 Chain Barding Armor
31:38 Conscription
31:45 Ming Guang Armor
32:09 Stone Shaft Mining
32:55 Blast Furnace
32:50 Crop Rotation
32:52 Elite Tiger Cavalry
35:36 Masonry
35:25 Murder Holes
38:36 Fletching
38:49 Padded Archer Armor
40:20 Parthian Tactics
40:00 Bodkin Arrow
40:22 Leather Archer Armor
41:12 Chemistry
41:50 Bracer
42:36 Ring Archer Armor
44:49 Tuntian
47:41 Fervor
Connection lost

Rejoining the realm…

Still unreachable

The connection could not be restored.

Session expired

The server has moved on; the page needs a fresh start.